 Dungeon Crawl Stone Soup version 0.31-a0-217-g58bb5d79cf (webtiles) character file.

Game seed: 7646890328832988139

1317 qw the Skirmisher (level 8, -11/49 HPs)
             Began as a Gargoyle Hexslinger on July 2, 2023.
             Mangled by an ogre
             ... wielding a +0 giant club
              (21 damage)
             ... on level 5 of the Dungeon.
             The game lasted 00:01:57 (3938 turns).

qw the Skirmisher (Gargoyle Hexslinger)             Turns: 3938, Time: 00:01:57

Health: -11/49     AC: 10    Str: 12    XL:     8   Next: 59%
Magic:  9/9        EV: 11    Int: 14    God:
Gold:   290        SH:  0    Dex: 14    Spells: 8/9 levels left

rFire   . . .        Y - +1 sling (elec)
rCold   . . .        (no shield)
rNeg    + . .        d - +0 ring mail
rPois   inf          (no helmet)
rElec   +            (no cloak)
rCorr   .            (no gloves)
SInv    .            (no boots)
Will    .....        i - amulet of faith
Stlth   +            (no ring)
HPRegen 0.28/turn    (no ring)
MPRegen 0.11/turn

%: faith
@: about to teleport
A: sickness immunity, AC +5, negative energy resistance 1, electricity
resistance, torment resistance 1, petrification resistance
a: no special abilities


You were on level 5 of the Dungeon.
You visited 1 branch of the dungeon, and saw 5 of its levels.

You collected 290 gold pieces.


Innate Abilities, Weirdness & Mutations

You are immune to sickness and miasma.
Your stone body is resilient. (AC +5)
You are immune to poison.
You resist negative energy. (rN+)
You are resistant to electric shocks. (rElec)
You are resistant to unholy torment.
You are immune to petrification.


   Skills:
 - Level 5.1 Fighting
 - Level 9.0 Ranged Weapons
 + Level 1.0 Armour
 - Level 2.2 Dodging
 - Level 1.0 Spellcasting
 - Level 2.6 Hexes


You had 8 spell levels left.
You knew the following spells:

 Your Spells              Type           Power      Damage    Failure   Level
a - Slow                  Hex            32%        N/A       21%         1

Your spell library contained the following spells:

 Spells                   Type           Power      Damage    Failure   Level
 Inner Flame              Hex/Fire       4%         N/A       71%         3
 Portal Projectile        Hex/Tloc       8%         N/A       71%         3
 Cause Fear               Hex            4%         N/A       89%         4

Inventory:

Hand Weapons
 Y - a +1 sling of electrocution (weapon)
Armour
 d - a +0 ring mail (worn)
Jewellery
 i - an amulet of faith (around neck)
Scrolls
 c - 2 scrolls of silence {unknown}
 j - 4 scrolls of identify
 m - a scroll of brand weapon {unknown}
 n - 2 scrolls of enchant weapon {unknown}
Potions
 a - a potion of enlightenment
 b - 2 potions of resistance
 e - a potion of might {unknown}
 f - 2 potions of haste
 g - a potion of magic {unknown}
 h - a potion of curing {unknown}
 k - 2 potions of attraction {unknown}
 o - a potion of brilliance {unknown}

Dungeon Overview and Level Annotations

Branches:
Dungeon (5/15)
 Temple: D:4-7

Altars:
Trog


Message History

Enter note:
Enter note:
Enter note:
Enter note:
Enter note:
There is a stone staircase leading down here.
n - 2 scrolls labelled APOONY LARACK (gained 1)
An ogre comes into view. It is wielding a +0 giant club.
The ogre shouts!
Enter note:
Enter note:
Enter note:
Enter note:
Enter note:
Enter note:
Enter note:
Enter note:
Enter note:
Enter note:
Enter note:
Enter note: You shoot a sling bullet.
The sling bullet hits the ogre.
The ogre is moderately wounded.
You shoot a sling bullet.
The sling bullet hits the ogre but does no damage.
The ogre is moderately wounded.
The ogre hits you with a +0 giant club!!
You shoot a sling bullet.
The sling bullet barely misses the ogre.
The ogre hits you with a +0 giant club!
You shoot a sling bullet. The sling bullet hits the ogre!
The ogre is heavily wounded.
The ogre hits you with a +0 giant club!
3937 ||| READING scroll of teleportation.
As you read the scroll of teleportation, it crumbles to dust.
You feel strangely unstable.
You shoot a sling bullet. The sling bullet hits the ogre.
The ogre is severely wounded.
The ogre hits you with a +0 giant club!!
You die...

### ##.. ..' #.. ..#
#######O####### .. #
.......@....... .# #
###############.####### ###.###
#..............>....... ......
#.#########################.....
#.# #..................... #.#
#####'######....#####..... #.#
#........###....#####..... #.#
#......................... #.#
#.........................


You could see an ogre.

Vanquished Creatures
  Sigmund (D:3)
  2 black bears (D:4)
  A phantom (D:5)
  4 wights (D:5)
  A howler monkey (D:5)
  A hound (D:5)
  A gnoll bouda (D:4)
  4 orc priests
  An iguana (D:5)
  8 orc wizards
  8 gnolls (D:4)
  6 adders
  A white imp (D:4)
  A dart slug (D:4)
  21 orcs
  10 ball pythons
  6 bats
  6 endoplasms
  7 giant cockroaches
  8 goblins
  10 hobgoblins
  2 jackals (D:1)
  2 kobolds
  2 quokkas (D:1)
  2 frilled lizards
  6 rats
122 creatures vanquished.

Notes
Turn   | Place    | Note
-------+----------+-------------------------------------------
     0 | D:1      | qw the Gargoyle Hexslinger began the quest for the Orb.
     0 | D:1      | Reached XP level 1. HP: 12/12 MP: 2/2
     0 | D:1      | 0 ||| qw: Version: 0.3-a-40-ge99b1a8
     0 | D:1      | 0 ||| qw: Game counter: 48
     0 | D:1      | 0 ||| qw: Melee chars always use a shield: true
     0 | D:1      | 0 ||| qw: God list: Okawaru
     0 | D:1      | 0 ||| qw: Allow faded altars: false
     0 | D:1      | 0 ||| qw: Do Orc after clearing Dungeon:15 true
     0 | D:1      | 0 ||| qw: Do second Lair branch before Depths: true
     0 | D:1      | 0 ||| qw: Lair rune preference: random
     0 | D:1      | 0 ||| qw: Goals: Normal
     0 | D:1      | 0 ||| PLANNING D:1-11
    97 | D:1      | Reached XP level 2. HP: 13/16 MP: 3/3
    97 | D:1      | 97 ||| FLEEEEING.
    98 | D:1      | 98 ||| FLEEEEING.
   231 | D:1      | Reached skill level 3 in Ranged Weapons
   463 | D:1      | Reached XP level 3. HP: 21/21 MP: 4/4
   565 | D:1      | 565 ||| UPGRADING to +0 ring mail.
   575 | D:1      | 575 ||| DROPPING +0 robe.
   576 | D:1      | 576 ||| READING scroll labelled MIBBAC RUQISHRO.
   580 | D:1      | 580 ||| READING scroll labelled QOEDAGI ECACZATT.
   581 | D:1      | 581 ||| DRINKING 2 pink potions.
   582 | D:1      | 582 ||| DROPPING scroll of poison.
   768 | D:2      | Reached XP level 4. HP: 26/26 MP: 5/5
   842 | D:2      | 842 ||| SWAPPING to +1 sling of electrocution.
   843 | D:2      | 843 ||| DROPPING +1 sling.
   974 | D:2      | Reached skill level 4 in Ranged Weapons
  1191 | D:2      | 1191 ||| DRINKING 2 brown potions.
  1231 | D:3      | Reached skill level 1 in Armour
  1527 | D:3      | Found a faded altar of an unknown god.
  1528 | D:3      | Noticed an eye of devastation
  1531 | D:3      | Noticed a floating eye
  1532 | D:3      | Noticed a floating eye
  1532 | D:3      | Noticed a shining eye
  1733 | D:3      | Noticed Sigmund
  1743 | D:3      | Killed Sigmund
  1744 | D:3      | Reached skill level 5 in Ranged Weapons
  1744 | D:3      | Reached XP level 5. HP: 26/30 MP: 6/6
  1744 | D:3      | Reached XP level 6. HP: 31/35 MP: 7/7
  1858 | D:3      | 1858 ||| DROPPING scarf of invisibility.
  1859 | D:3      | 1859 ||| READING scroll labelled IREARUH DI TOUSH.
  1860 | D:3      | 1860 ||| DRINKING 2 metallic purple potions.
  1861 | D:3      | 1861 ||| READING 2 scrolls of identify.
  1861 | D:3      | 1861 ||| IDENTIFYING yellow potion
  1862 | D:3      | 1862 ||| DROPPING potion of degeneration.
  1897 | D:4      | Reached skill level 3 in Fighting
  1897 | D:4      | 1897 ||| STAIRDANCE
  1909 | D:3      | Reached skill level 6 in Ranged Weapons
  2055 | D:4      | 2055 ||| FLEEEEING.
  2056 | D:4      | 2056 ||| FLEEEEING.
  2059 | D:4      | 2059 ||| FLEEEEING.
  2061 | D:4      | 2061 ||| FLEEEEING.
  2062 | D:4      | 2062 ||| FLEEEEING.
  2070 | D:4      | 2070 ||| FLEEEEING.
  2071 | D:4      | 2071 ||| FLEEEEING.
  2072 | D:4      | 2072 ||| STAIRDANCE
  2118 | D:3      | 2118 ||| UPGRADING to amulet of faith.
  2127 | D:4      | 2127 ||| STAIRDANCE
  2246 | D:4      | Reached XP level 7. HP: 41/43 MP: 8/8
  2529 | D:4      | Reached skill level 7 in Ranged Weapons
  2697 | D:4      | 2697 ||| FLEEEEING.
  2698 | D:4      | 2698 ||| FLEEEEING.
  2699 | D:4      | 2699 ||| FLEEEEING.
  2700 | D:4      | 2700 ||| FLEEEEING.
  2701 | D:4      | 2701 ||| FLEEEEING.
  2704 | D:4      | 2704 ||| STAIRDANCE
  2773 | D:3      | 2773 ||| READING scroll labelled QEBBYG TUYNNO.
  2774 | D:3      | 2774 ||| READING scroll labelled WULAKOE YXUNG.
  2775 | D:3      | 2775 ||| READING 2 scrolls of identify.
  2775 | D:3      | 2775 ||| IDENTIFYING smoky blue potion
  2776 | D:3      | 2776 ||| DROPPING potion of lignification.
  2781 | D:4      | 2781 ||| STAIRDANCE
  2838 | D:4      | Found a bloodstained altar of Trog.
  2851 | D:4      | HP: 10/43 [black bear (1)]
  2852 | D:4      | 2852 ||| READING scroll of teleportation.
  3078 | D:4      | Reached skill level 8 in Ranged Weapons
  3114 | D:5      | Entered Level 5 of the Dungeon
  3172 | D:5      | 3172 ||| Stepping ~*~*~tactically~*~*~ (outnumbered).
  3179 | D:5      | Reached XP level 8. HP: 48/48 MP: 9/9
  3560 | D:5      | 3560 ||| Stepping ~*~*~tactically~*~*~ (outnumbered).
  3563 | D:5      | 3563 ||| Stepping ~*~*~tactically~*~*~ (outnumbered).
  3574 | D:5      | Reached skill level 9 in Ranged Weapons
  3936 | D:5      | HP: 9/49 [ogre/+0 giant club (13)]
  3937 | D:5      | 3937 ||| READING scroll of teleportation.
  3938 | D:5      | Mangled by an ogre

Levels and vault maps discovered:
D:1:      dpeg_arrival_oval, layout_rooms, feat_on_display
D:2:      layout_loops_ring
D:3:      layout_loops_ring, hellmonk_ecumenical_altar_watching_god,
          uniq_sigmund
D:4:      layout_loops_cross, trog_ov_bears_minmay, dreamdust_princess_corridor
D:5:      layout_basic

Skill      XL: |  1  2  3  4  5  6  7  8 |
---------------+-------------------------+-----
Ranged Weapons | 3 5 6 8 9 |  9.0
Fighting       | 2 4 5 |  5.1
Armour         | 1 |  1.0
Dodging        | 2 |  2.2
Spellcasting   | |  1.0
Hexes          | |  2.6

Action                     |  1- 3 |  4- 6 |  7- 9 || total
---------------------------+-------+-------+-------++-------
   Fire: Sling             |   118 |   148 |   201 ||   467
    Use: Scroll            |     2 |     2 |     5 ||     9
         Potion            |     1 |     2 |       ||     3
 Armour: Robe              |    10 |       |       ||    10
         Ring mail         |    11 |    40 |    70 ||   121
  Dodge: Dodged            |    43 |    54 |    71 ||   168

Table legend:
 A = Non-vault XP
 B = Vault XP
 C = Vault XP percentage of total XP
 D = Non-vault monster count
 E = Vault monster count
 F = Vault count percentage of total count
                 A         B        C        D         E       F
            +---------+---------+-------+---------+---------+-------
      Total |    1402 |     480 |  25.5 |     119 |       3 |   2.5
            +---------+---------+-------+---------+---------+-------
        D:1 |      40 |       0 |   0.0 |      23 |       0 |   0.0
        D:2 |      56 |       0 |   0.0 |      18 |       0 |   0.0
        D:3 |      86 |     214 |  71.3 |      17 |       1 |   5.6
        D:4 |     527 |     266 |  33.5 |      39 |       2 |   4.9
        D:5 |     693 |       0 |   0.0 |      22 |       0 |   0.0
            +---------+---------+-------+---------+---------+-------
